 Dungeon Crawl Stone Soup version 0.17-a0-2055-gb4e23be (webtiles) character file.

14283 Gorice the Carver (level 11, -3/70 HPs)
             Began as a Vampire Wanderer on Oct 10, 2015.
             Was an Elder of Kikubaaqudgha.
             Slain by a blink frog (15 damage)
             ... on level 3 of the Lair of Beasts on Oct 11, 2015.
             The game lasted 01:23:00 (12681 turns).

Gorice the Carver (Vampire Wanderer)               Turns: 12681, Time: 01:23:01

Health: -3/70      AC: 13    Str: 11    XL:     11   Next: 86%
Magic:  1/23       EV: 12    Int: 19    God:    Kikubaaqudgha [****..]
Gold:   647        SH:  0    Dex: 15    Spells: 5 memorised, 16 levels left

rFire  + . .     SeeInvis +     a - +3 great sword (protect)
rCold  + . .     Clarity  .     G - +1 robe {rF+}
rNeg   + + +     SustAt   .     (no shield)
rPois  +         Gourm    .     o - +1 helmet
rElec  .         Spirit   .     (no cloak)
rCorr  .         Warding  .     n - +0 pair of gloves
rMut   .         Stasis   .     (no boots)
MR     +....                    g - amulet of regeneration
Stlth  +++.......               M - ring of poison resistance
                                i - ring of positive energy

@: swift, regenerating slowly, very quick, somewhat resistant to hostile
enchantments, fairly stealthy
A: claws 1, fangs 3, slimy green scales 1, see invisible, agile 1, unbreathing
a: Bat Form, Receive Corpses, Renounce Religion


You were on level 3 of the Lair of Beasts.
You worshipped Kikubaaqudgha.
Kikubaaqudgha was greatly pleased with you.
You were thirsty.

You visited 3 branches of the dungeon, and saw 13 of its levels.

You collected 647 gold pieces.

Inventory:

Hand Weapons
 a - a +3 great sword of protection (weapon)
   (You took it off a wight on level 6 of the Dungeon)
 b - a +2 dagger of venom
   (You took it off an orc wizard on level 8 of the Dungeon)
 r - the +1 mace "Meiboos" {pain, rF+ rC+ MR+}
   (You found it on level 5 of the Dungeon)

   In the hands of one skilled in necromantic magic, it inflicts extra damage on
   living creatures.
   It protects you from fire.
   It protects you from cold.
   It affects your resistance to hostile enchantments.
 B - a +0 blowgun
Missiles
 h - 36 poisoned needles
 F - a tomahawk (quivered)
 J - 5 tomahawks of returning
Armour
 n - a +0 pair of gloves (worn)
 o - a +1 helmet (worn)
 G - a +1 robe of fire resistance (worn)
   (You took it off an orc wizard on level 5 of the Dungeon)
Jewellery
 g - an amulet of regeneration (around neck)
 i - a ring of positive energy (left hand)
 q - an uncursed ring of ice
 M - a ring of poison resistance (right hand)
Wands
 c - a wand of fireball (6)
 e - a wand of digging (15)
 x - a wand of polymorph (24)
 O - a wand of slowing (11)
 V - a wand of draining (5)
Scrolls
 d - 3 scrolls of identify
 k - a scroll of blinking {unknown}
 C - a scroll of noise {!r}
 K - 7 scrolls of fog
 L - 2 scrolls of remove curse
Potions
 f - 41 potions of blood
 j - a potion of cancellation {!q}
 u - 3 potions of magic {!q}
 v - a potion of curing
 E - 4 potions of haste {!q}
 N - a potion of flight
 P - a potion of resistance {!q}


   Skills:
 - Level 1.0 Fighting
 + Level 11.9 Long Blades
 - Level 1.1 Dodging
 - Level 3.0 Stealth
 + Level 8.3 Spellcasting
 - Level 5.0 Conjurations
 + Level 3.5 Charms
 - Level 8.6 Necromancy
 - Level 5.4 Fire Magic


You had 16 spell levels left.
You knew the following spells:

 Your Spells              Type           Power        Failure   Level  Hunger
a - Flame Tongue          Conj/Fire      ####.        1%          1    None
b - Corpse Rot            Necr           N/A          1%          2    None
c - Vampiric Draining     Necr           #####.....   1%          3    None
s - Sublimation of Blood  Necr           #####.....   1%          2    None
S - Swiftness             Chrm/Air       ##......     10%         2    None


Dungeon Overview and Level Annotations

Branches:
Dungeon (9/15)             Temple (1/1) D:4            Lair (3/8) D:9
    Orc (0/4) D:9
  Swamp: Lair:3-6    Shoals: Lair:3-6     Snake: Lair:3-6    Spider: Lair:3-6

Altars:
Ashenzari
Cheibriados
Dithmenos
Elyvilon
Fedhas
Gozag
Kikubaaqudgha
Makhleb
Nemelex Xobeh
Okawaru
Qazlal
Ru
Sif Muna
Trog
Vehumet
Xom
Yredelemnul
Zin
The Shining One
Lugonu

Annotations:
D:4 pUX: Eustacio w hwrath, Eustachio
D:5 vpUX: Zin altar gold behind grates
Lair:1 exclusion: hydra
Lair:2 exclusions: hydra and oklob plant


Innate Abilities, Weirdness & Mutations

You heal slowly.
You have razor-sharp teeth.
You have supernaturally acute eyesight.
You can survive without breathing.
You have sharp fingernails.
You are partially covered in slimy green scales (AC +2).
You are agile. (Dex +2)


Message History

* * * LOW HITPOINT WARNING * * *
Casting: Vampiric Draining
Confirm with . or Enter, or press ? or * to list all spells.
Aiming: Vampiric Draining
Press: ? - help, Shift-Dir - straight line, f/p - blink frog
Aim: a blink frog (moderately wounded)
The blink frog is severely wounded.
You feel life coursing into your body.
The blink frog blinks!
The blink frog hits you!
* * * LOW HITPOINT WARNING * * *
The blink frog blinks!
Damage: 9 (max 11) Read which item? (? for menu, Esc to quit)
Okay, then.
Drink which item? (? for menu, Esc to quit)
You feel better.
There are monsters nearby!
You slice the blink frog!!
You kill the blink frog!
Kikubaaqudgha accepts your kill.
The blink frog blinks!
Evoke which item? (* to show all) (? for menu, Esc to quit)
Zapping:
e - a wand of digging (16)
Press: ? - help, Shift-Dir - straight line The rock shatters into small pieces.
This wand has 15 charges left.
The blink frog blinks!
Saving game... please wait.
Welcome back, Gorice the Vampire Wanderer.
Kikubaaqudgha says: Spread unending torment and darkness!
Press ? for a list of commands and other information.
Evoke which item? (* to show all) (? for menu, Esc to quit)
Zapping:
V - a wand of draining (will waste charges)
Press: ? - help, Shift-Dir - straight line, f - blink frog
Aim: a blink frog The bolt of negative energy hits the blink frog.
The blink frog is drained!
The blink frog is heavily wounded.
Evoking this partially-identified wand wasted a few charges.
The blink frog blinks!
Cast which spell? (? or * to list)
You feel quick. The blink frog hits you.
* * * LOW HITPOINT WARNING * * *
The blink frog barely misses you.
Damage: 4 (max 4)
The blink frog momentarily phases out as your attack passes through it.
The blink frog is heavily wounded.
The blink frog hits you!
You die...
Kikubaaqudgha rasps: "You have failed me!
Welcome... oblivion!"

#<.....P#
#.##..#......##.#.
###.#....##
##.#..##.........##
#..#....##
#..#..#...8...8...#
#.###...#
##..........<.....#
..P#P...#
#..#......8...8....
..###..##
#..#..#...........#
..# ####
#..##....##...#....
.##
##..###..(.###.#....
.#
#.F@P###..........##
.#
##..###.###......#.
.. ##..## ###
.#+#.#### .##
####F..### #. ##
#........# ..
#F##..#### .>.
###(##.## #.(..#.##
##.......#


You could see 3 blink frogs.

Vanquished Creatures
  A black mamba (Lair:1)
  A spiny frog (Lair:3)
  4 komodo dragons
  A troll (D:9)
  A fire drake (D:9)
  Prince Ribbit (D:7)
  4 blink frogs
  2 spriggans (Lair:2)
  Sigmund (D:6)
  A wyvern (D:9)
  20 yaks
  A hungry ghost (D:7)
  6 hippogriffs
  6 wolves
  4 porcupines
  3 water moccasins
  6 orc warriors
  2 sky beasts
  3 black bears
  2 phantoms
  4 ogres
  2 ice beasts
  A wasp (D:7)
  3 centaurs
  3 crocodiles
  A big kobold (D:7)
  11 giant frogs
  A scorpion (D:4)
  2 crimson imps (D:5)
  A centaur zombie (D:9)
  5 wights
  An electric eel (D:6)
  2 quasits
  3 jellies
  2 giant frog zombies
  A centaur skeleton (D:4)
  11 hounds
  2 gnoll shamans
  6 iguanas
  5 orc priests
  Ijyb (D:2)
  Jessica (D:3)
  14 orc wizards
  9 worker ants
  Robin (D:2)
  9 gnolls
  15 river rats (Lair:2)
  5 adders
  A shadow imp (D:7)
  3 oozes
  3 adder skeletons
  4 worms
  8 giant geckos
  35 orcs
  8 bats
  6 giant cockroaches
  9 hobgoblins
  10 kobolds
  A giant gecko skeleton (D:4)
  2 giant newts (D:1)
  15 goblins
  17 jackals
  6 quokkas
  A quokka skeleton (D:6)
  7 rats
  A fire vortex (Lair:2)
  A plant (Lair:2)
330 creatures vanquished.

Vanquished Creatures (others)
  An ice beast (D:5)
  An orc (D:9)
  2 fungi (Lair:2)
  7 plants
11 creatures vanquished.

Grand Total: 341 creatures vanquished

Notes
Turn   | Place    | Note
--------------------------------------------------------------
     0 | D:1      | Gorice the Vampire Wanderer began the quest for the Orb.
     0 | D:1      | Gorice set off with: a +2 falchion, a potion of curing, the Volume of Ignition, a +0 robe, a +0 dagger, a potion of blood
     0 | D:1      | Reached XP level 1. HP: 15/15 MP: 1/1
     0 | D:1      | Identified the Volume of Ignition
    64 | D:1      | Learned a level 1 spell: Flame Tongue
   225 | D:1      | Reached XP level 2. HP: 21/21 MP: 1/3
   492 | D:1      | Reached skill level 1 in Spellcasting
   636 | D:1      | Reached XP level 3. HP: 26/26 MP: 4/4
   855 | D:2      | Reached skill level 4 in Long Blades
   990 | D:2      | Noticed Robin
  1026 | D:2      | Noticed Ijyb
  1082 | D:2      | Killed Ijyb
  1082 | D:2      | Reached skill level 1 in Conjurations
  1082 | D:2      | Reached XP level 4. HP: 24/32 MP: 3/5
  1152 | D:2      | Found a bloodstained altar of Trog.
  1422 | D:2      | Killed Robin
  1709 | D:2      | Reached XP level 5. HP: 37/37 MP: 4/6
  1876 | D:3      | Reached skill level 5 in Long Blades
  2050 | D:3      | Noticed Jessica
  2058 | D:3      | Killed Jessica
  2327 | D:4      | Reached skill level 2 in Conjurations
  2327 | D:4      | Reached skill level 2 in Fire Magic
  2384 | D:4      | Noticed a phantom
  2535 | D:4      | Found a staircase to the Ecumenical Temple.
  2578 | D:4      | Found a basalt altar of Yredelemnul.
  2600 | D:4      | Reached XP level 6. HP: 34/43 MP: 0/7
  2622 | Temple   | Entered the Ecumenical Temple
  2783 | D:4      | Gained mutation: You are agile. (Dex +2) [potion of beneficial mutation]
  2907 | D:4      | Noticed Eustachio
  3125 | D:5      | Entered Level 5 of the Dungeon
  3322 | D:5      | Reached skill level 6 in Long Blades
  3322 | D:5      | Reached XP level 7. HP: 48/48 MP: 3/8
  3397 | D:4      | Killed a phantom
  3397 | D:4      | Reached skill level 3 in Fire Magic
  3487 | D:5      | Reached skill level 3 in Conjurations
  3544 | D:4      | Gained mutation: You have sharp fingernails. [potion of beneficial mutation]
  3545 | D:4      | Gained mutation: You are partially covered in slimy green scales (AC +2). [potion of beneficial mutation]
  3928 | D:4      | Found an ancient bone altar of Kikubaaqudgha.
  3936 | D:4      | Became a worshipper of Kikubaaqudgha
  4053 | D:4      | Reached skill level 4 in Fire Magic
  4053 | D:4      | Reached XP level 8. HP: 43/54 MP: 0/9
  4368 | D:5      | Reached skill level 7 in Long Blades
  4394 | D:5      | Got a shimmering mace
  4435 | D:4      | Identified the cursed +1 mace "Meiboos" {pain, rF+ rC+ MR+} (You found it on level 5 of the Dungeon)
  4566 | D:5      | Found a burning altar of Makhleb.
  4573 | D:5      | Got a crude war axe
  4854 | D:5      | Reached skill level 4 in Conjurations
  4998 | D:5      | Found a glowing silver altar of Zin.
  5292 | D:6      | HP: 14/54 [wight/morningstar (7)]
  5301 | D:6      | HP: 7/54 [wight/morningstar (10)]
  5503 | D:6      | Reached skill level 5 in Fire Magic
  5582 | D:6      | Found a sacrificial altar of Ru.
  5735 | D:6      | Noticed Sigmund
  5753 | D:6      | Acquired Kikubaaqudgha's first power
  5753 | D:6      | Received a gift from Kikubaaqudgha
  5759 | D:6      | Killed Sigmund
  5759 | D:6      | Reached skill level 8 in Long Blades
  5759 | D:6      | Reached XP level 9. HP: 57/59 MP: 1/10
  5767 | D:6      | Identified Kikubaaqudgha's Handbook of Black Magic (Kikubaaqudgha gifted it to you on level 6 of the Dungeon)
  5875 | D:6      | HP: 17/59 [electric eel/bolt of electricity (11)]
  5875 | D:6      | HP: 4/59 [electric eel/bolt of electricity (13)]
  5889 | D:6      | HP: 12/59 [giant frog (1)]
  6190 | D:6      | Reached skill level 5 in Conjurations
  6228 | D:6      | Reached skill level 2 in Spellcasting
  6251 | D:6      | Learned a level 2 spell: Corpse Rot
  6255 | D:6      | Learned a level 3 spell: Vampiric Draining
  6258 | D:6      | Learned a level 2 spell: Sublimation of Blood
  6715 | D:6      | Upgraded the game from 0.17-a0-2027-gcac42c4 to 0.17-a0-2055-gb4e23be
  6735 | D:6      | Reached skill level 1 in Necromancy
  6924 | D:7      | Reached skill level 2 in Necromancy
  6998 | D:7      | Reached skill level 3 in Spellcasting
  7094 | D:7      | Reached skill level 9 in Long Blades
  7182 | D:7      | Found a shattered altar of Ashenzari.
  7191 | D:7      | Acquired Kikubaaqudgha's second power
  7191 | D:7      | Reached skill level 3 in Necromancy
  7364 | D:7      | Noticed Prince Ribbit
  7371 | D:7      | Killed Prince Ribbit
  7379 | D:7      | Found a shadowy altar of Dithmenos.
  7612 | D:8      | Reached skill level 4 in Spellcasting
  7620 | D:8      | Reached skill level 4 in Necromancy
  7827 | D:8      | Reached XP level 10. HP: 61/65 MP: 9/16
  8256 | D:8      | Learned a level 2 spell: Swiftness
  8354 | D:8      | Found a deep blue altar of Sif Muna.
  8357 | D:8      | Found an iron altar of Okawaru.
  8360 | D:8      | Found a sparkling altar of Nemelex Xobeh.
  8539 | D:9      | Reached skill level 5 in Necromancy
  8644 | D:9      | Reached skill level 5 in Spellcasting
  8714 | D:9      | Found a staircase to the Lair.
  8732 | D:9      | Reached skill level 10 in Long Blades
  8879 | D:9      | HP: 16/65 [orc warrior/battleaxe (10)]
  9057 | D:9      | Received a gift from Kikubaaqudgha
  9073 | D:9      | Reached skill level 6 in Necromancy
  9087 | D:9      | Identified Kikubaaqudgha's Catalogue of Darkness (Kikubaaqudgha gifted it to you on level 9 of the Dungeon)
  9277 | D:9      | Found a staircase to the Orcish Mines.
  9456 | Lair:1   | Entered Level 1 of the Lair of Beasts
  9607 | Lair:1   | Reached skill level 6 in Spellcasting
  9647 | Lair:1   | Noticed a black mamba
  9658 | Lair:1   | Killed a black mamba
  9916 | Lair:1   | Reached skill level 7 in Necromancy
  9918 | Lair:1   | HP: 12/65 [porcupine (11)]
  9923 | Lair:1   | HP: 4/65 [porcupine (11)]
 10123 | Lair:1   | Noticed a five-headed hydra
 10285 | Lair:1   | Reached XP level 11. HP: 61/70 MP: 17/20
 10447 | Lair:1   | Identified the +3 war axe "Plog" {flame, rF- rN+ MR+} (You found it on level 5 of the Dungeon)
 10732 | Lair:2   | Noticed a four-headed hydra
 10750 | Lair:2   | Found a bloodstained altar of Trog.
 10768 | Lair:2   | Reached skill level 11 in Long Blades
 10783 | Lair:2   | Reached skill level 7 in Spellcasting
 11072 | Lair:2   | Reached skill level 8 in Necromancy
 11495 | Lair:2   | HP: 18/70 [komodo dragon (14)]
 11683 | Lair:2   | Acquired Kikubaaqudgha's third power
 12422 | Lair:3   | Reached skill level 2 in Charms
 12458 | Lair:3   | Reached skill level 8 in Spellcasting
 12649 | Lair:3   | Reached skill level 3 in Charms
 12664 | Lair:3   | HP: 16/70 [yak (11)]
 12669 | Lair:3   | HP: 3/70 [blink frog (16)]
 12679 | Lair:3   | HP: 11/70 [blink frog (4)]
 12681 | Lair:3   | Slain by a blink frog

Vault maps used:
D:1:      dpeg_arrival_more_subterranean_lakeside_camping
D:2:      nicolae_overflow_hidden_temple, minmay_crystal_water, uniq_iyjb,
          uniq_robin
D:3:      uniq_jessica
D:4:      lemuel_coloured_pillars_altar, overflow_temple_1_default,
          minmay_temple_entry_overgrown, uniq_eustachio
D:5:      lemuel_round_altar, zin_treasury, first_bread
D:6:      nicolae_ru_path_of_blood, zaba_anthole, minmay_misc_feat_plants,
          nicolae_water_bricks, uniq_sigmund
D:7:      nicolae_dithmenos_shadow_blocks, lemuel_round_altar,
          uniq_prince_ribbit1
D:8:      grunt_temple_overflow_diamond
D:9:      minmay_lair_entry_lava, david_orc_4
Temple:   corrupted_temple
Lair:1:   serial_bayou_pond_c, grunt_megastairs_3
Lair:2:   wad_woods_stonehenge, lemuel_oklob_altar
Lair:3:   basic_altar, lemuel_fruit_tree, grunt_megastairs_2, uniq_rupert,
          uniq_maud

Action                   |  1- 3 |  4- 6 |  7- 9 | 10-12 || total
-------------------------+-------+-------+-------+-------++-------
Melee: Falchion          |    85 |    54 |   119 |    11 ||   269
       Scimitar          |       |    85 |    59 |       ||   144
       Great sword       |       |       |   181 |   432 ||   613
       Dagger            |       |       |     2 |    12 ||    14
Throw: Stone             |     3 |    10 |       |       ||    13
       Tomahawk          |       |       |     3 |    13 ||    16
 Cast: Flame Tongue      |     9 |    68 |   171 |   101 ||   349
       Vampiric Draining |       |       |     3 |    85 ||    88
       Swiftness         |       |       |       |     1 ||     1
 Abil: End Transformatio |       |       |       |     1 ||     1
       Bat Form          |       |       |       |     1 ||     1
Evoke: Wand              |       |       |       |     2 ||     2
  Use: Scroll            |     4 |     5 |    12 |     4 ||    25
       Potion            |     1 |    13 |    24 |    22 ||    60
 Stab: Sleeping          |     9 |    11 |     4 |     2 ||    26
       Distracted        |     1 |       |       |     1 ||     2

Table legend:
 A = Turns spent in this place as a percentage of turns spent in the entire game.
 B = Non-inter-level travel turns spent in this place as a percentage of non-inter-level travel turns spent in the entire game.
 C = Inter-level travel turns spent in this place as a percentage of turns spent in this place.
 D = Turns resting spent in this place as a percentage of non-inter-level travel turns spent in this place.
 E = Turns spent auto-exploring this place as a percentage of non-inter-level travel turns spent in this place.
 F = Non-inter-level travel turns spent in this place divided by the number of levels of this place that you've seen.
                   A       B       C       D       E      F
               +-------+-------+-------+-------+-------+----------------------
         Total | 100.0 | 100.0 |   0.6 |   2.6 |   4.7 | 415.2
       Dungeon |  75.7 |  75.7 |   0.6 |   1.9 |   4.8 | 454.2
        Temple |   0.4 |   0.4 |   5.0 |   0.0 |  15.8 |  19.0
          Lair |  23.9 |  23.9 |   0.6 |   4.9 |   4.4 | 430.0
               +-------+-------+-------+-------+-------+----------------------

Vault maps used:
D:1:      dpeg_arrival_more_subterranean_lakeside_camping
D:2:      nicolae_overflow_hidden_temple, minmay_crystal_water, uniq_iyjb,
          uniq_robin
D:3:      uniq_jessica
D:4:      lemuel_coloured_pillars_altar, overflow_temple_1_default,
          minmay_temple_entry_overgrown, uniq_eustachio
D:5:      lemuel_round_altar, zin_treasury, first_bread
D:6:      nicolae_ru_path_of_blood, zaba_anthole, minmay_misc_feat_plants,
          nicolae_water_bricks, uniq_sigmund
D:7:      nicolae_dithmenos_shadow_blocks, lemuel_round_altar,
          uniq_prince_ribbit1
D:8:      grunt_temple_overflow_diamond
D:9:      minmay_lair_entry_lava, david_orc_4
Temple:   corrupted_temple
Lair:1:   serial_bayou_pond_c, grunt_megastairs_3
Lair:2:   wad_woods_stonehenge, lemuel_oklob_altar
Lair:3:   basic_altar, lemuel_fruit_tree, grunt_megastairs_2, uniq_rupert,
          uniq_maud
